MLB
WASHINGTON NATIONALS @ COLORADO ROCKIES
08/19/2020
 
TOP OF THE 1ST
Washington Nationals batting - Pitching for Colorado Rockies : RHP Jon Duplantier
Pitching: RHP Jon Duplantier
Batting: LHB Jackie Bradley Jr. 0-0: SINGLE (Groundball, 4MD, EV 101.9 MPH)
Batting: RHB Adeiny Hechavarria 0-0: Called Strike
0-1: Ball
1-1: SINGLE (Line Drive, 9S, EV 110.0 MPH)
Jackie Bradley Jr. to second
Jackie Bradley Jr. to third
Batting: LHB Adam Eaton 0-0: Ball
1-0: Foul Ball, location: 2F
1-1: Foul Ball, location: 2F
1-2: Foul Ball, location: 2F
1-2: Fielders Choice at 2nd, 3-6 (Groundball, 3, EV 77.5 MPH)
Jackie Bradley Jr. scores
Batting: RHB Chris Taylor 0-0: Swinging Strike
0-1: Called Strike
0-2: Foul Ball, location: 2F
0-2: Strikes out looking
Batting: LHB Yonder Alonso 0-0: Called Strike
0-1: Ball
1-1: 2-RUN HOME RUN (Flyball, 9D, EV 95.6 MPH), Distance : 390 ft
Batting: LHB Matt Beaty 0-0: Ball
1-0: Called Strike
1-1: SOLO HOME RUN (Flyball, 9D, EV 94.4 MPH), Distance : 391 ft
Batting: SHB Jed Lowrie 0-0: Fly out, F3 (Popup, 34S, EV 73.1 MPH)
Top of the 1st over - 4 runs, 4 hits, 0 errors, 0 left on base; Washington 4 - Colorado 0
BOTTOM OF THE 1ST
Colorado Rockies batting - Pitching for Washington Nationals : RHP Mitchell White
Pitching: RHP Mitchell White
Batting: RHB Jorge Mateo 0-0: Ground out 5-3 (Groundball, 56, EV 105.0 MPH)
Batting: RHB JaCoby Jones 0-0: Called Strike
0-1: Ground out 5-3 (Groundball, 25, EV 85.6 MPH)
Batting: RHB Michael Brosseau 0-0: Foul Ball, location: 2F
0-1: Ground out 5-3 (Groundball, 56, EV 90.6 MPH)
Bottom of the 1st over - 0 runs, 0 hits, 0 errors, 0 left on base; Washington 4 - Colorado 0
TOP OF THE 2ND
Washington Nationals batting - Pitching for Colorado Rockies : RHP Jon Duplantier
Batting: RHB Austin Barnes 0-0: Ball
1-0: Fly out, F8 (Flyball, 8LM, EV 86.9 MPH)
Batting: RHB Mitchell White 0-0: Ball
1-0: Called Strike
1-1: SINGLE (Flyball, 9LS, EV 65.6 MPH)
Batting: LHB Jackie Bradley Jr. 0-0: Grounds into double play, 4-6-3 (Groundball, 4, EV 84.4 MPH)
Top of the 2nd over - 0 runs, 1 hit, 0 errors, 0 left on base; Washington 4 - Colorado 0
BOTTOM OF THE 2ND
Colorado Rockies batting - Pitching for Washington Nationals : RHP Mitchell White
Batting: LHB Josh VanMeter 0-0: Ball
1-0: Swinging Strike
1-1: Swinging Strike
1-2: Strikes out swinging
Batting: RHB Orlando Arcia 0-0: Called Strike
0-1: Foul Ball, location: 2F
0-2: Ball
1-2: Ball
2-2: Strikes out looking
Batting: RHB Jake Rogers 0-0: Ball
1-0: Foul Ball, location: 2F
1-1: Fly out, F8 (Line Drive, 8RD, EV 92.5 MPH)
Bottom of the 2nd over - 0 runs, 0 hits, 0 errors, 0 left on base; Washington 4 - Colorado 0
TOP OF THE 3RD
Washington Nationals batting - Pitching for Colorado Rockies : RHP Jon Duplantier
Batting: RHB Adeiny Hechavarria 0-0: Called Strike
0-1: Ground out U3 (Groundball, 3S, EV 88.1 MPH)
Batting: LHB Adam Eaton 0-0: Called Strike
0-1: Foul Ball, location: 2F
0-2: Strikes out swinging
Batting: RHB Chris Taylor 0-0: Ball
1-0: Ball
2-0: Ball
3-0: Base on Balls
Batting: LHB Yonder Alonso 0-0: Foul Ball, location: 2F
0-1: SINGLE (Groundball, 4MD, EV 103.8 MPH)
Chris Taylor to second
Batting: LHB Matt Beaty 0-0: Ball
1-0: Ball
2-0: Swinging Strike
2-1: 3-RUN HOME RUN (Flyball, 9D, EV 100.6 MPH), Distance : 388 ft
Batting: SHB Jed Lowrie 0-0: Reached on error, E9 (Flyball, 9LM, EV 80.0 MPH)
Batting: RHB Austin Barnes 0-0: Intentional Walk
Batting: RHB Mitchell White 0-0: Ball
1-0: Swinging Strike
1-1: Fielders Choice at 2nd, 5-4 (Groundball, 56, EV 100.0 MPH)
Top of the 3rd over - 3 runs, 2 hits, 1 error, 2 left on base; Washington 7 - Colorado 0
BOTTOM OF THE 3RD
Colorado Rockies batting - Pitching for Washington Nationals : RHP Mitchell White
Batting: RHB Andrew Knizner 0-0: Ball
1-0: Swinging Strike
1-1: Ball
2-1: Swinging Strike
2-2: Strikes out swinging
Batting: LHB CJ Alexander 0-0: Ball
1-0: Ball
2-0: Called Strike
2-1: Ground out 4-3 (Groundball, 4, EV 85.6 MPH)
Batting: LHB Jon Duplantier 0-0: Called Strike
0-1: Swinging Strike
0-2: Ball
1-2: Ball
2-2: Ground out U3 (Groundball, 3, EV 82.5 MPH)
Bottom of the 3rd over - 0 runs, 0 hits, 0 errors, 0 left on base; Washington 7 - Colorado 0
TOP OF THE 4TH
Washington Nationals batting - Pitching for Colorado Rockies : RHP Jon Duplantier
Batting: LHB Jackie Bradley Jr. 0-0: DOUBLE (Flyball, 89XD, EV 106.9 MPH)
Batting: RHB Adeiny Hechavarria 0-0: Ball
1-0: Ball
2-0: Ground out 4-3 (Groundball, 4, EV 101.9 MPH)
Jackie Bradley Jr. to third
Batting: LHB Adam Eaton 0-0: Ball
1-0: DOUBLE (Line Drive, 8RD, EV 111.9 MPH)
Jackie Bradley Jr. scores
Pitching: RHP Marco Estrada
Batting: RHB Chris Taylor 0-0: Called Strike
0-1: Ground out 6-3 (Groundball, 56, EV 91.3 MPH)
Batting: LHB Yonder Alonso 0-0: Ball
1-0: Called Strike
1-1: Called Strike
1-2: 2-RUN HOME RUN (Flyball, 9D, EV 94.4 MPH), Distance : 386 ft
Batting: LHB Matt Beaty 0-0: Foul Ball, location: 2F
0-1: Swinging Strike
0-2: Ball
1-2: Ball
2-2: Ball
3-2: Foul Ball, location: 2F
3-2: Base on Balls
Batting: SHB Jed Lowrie 0-0: Foul Ball, location: 2F
0-1: Ball
1-1: Foul Ball, location: 2F
1-2: Foul Ball, location: 2F
1-2: Ball
2-2: SINGLE (Line Drive, 4D, EV 98.8 MPH)
Matt Beaty to second
Batting: RHB Austin Barnes 0-0: Swinging Strike
0-1: Swinging Strike
0-2: Ball
1-2: Strikes out swinging
Top of the 4th over - 3 runs, 4 hits, 0 errors, 2 left on base; Washington 10 - Colorado 0
BOTTOM OF THE 4TH
Colorado Rockies batting - Pitching for Washington Nationals : RHP Mitchell White
Batting: RHB Jorge Mateo 0-0: Ball
1-0: Fly out, F6 (Popup, 6M, EV 73.8 MPH)
Batting: RHB JaCoby Jones 0-0: Ball
1-0: Ball
2-0: Fly out, F8 (Flyball, 89XD, EV 90.6 MPH)
Batting: RHB Michael Brosseau 0-0: Foul Ball, location: 2F
0-1: Ball
1-1: Foul Ball, location: 2F
1-2: Fly out, F8 (Line Drive, 8LD, EV 96.3 MPH)
Bottom of the 4th over - 0 runs, 0 hits, 0 errors, 0 left on base; Washington 10 - Colorado 0
TOP OF THE 5TH
Washington Nationals batting - Pitching for Colorado Rockies : RHP Marco Estrada
Batting: RHB Mitchell White 0-0: Called Strike
0-1: Ball
1-1: Ground out 6-3 (Groundball, 6, EV 81.3 MPH)
Batting: LHB Jackie Bradley Jr. 0-0: Ball
1-0: SOLO HOME RUN (Flyball, 89XD, EV 94.4 MPH), Distance : 397 ft
Batting: RHB Adeiny Hechavarria 0-0: Called Strike
0-1: Foul Ball, location: 2F
0-2: Foul Ball, location: 2F
0-2: SINGLE (Groundball, 4MD, EV 96.9 MPH)
Batting: LHB Adam Eaton 0-0: Called Strike
0-1: Ball
1-1: Swinging Strike
1-2: Foul Ball, location: 2F
1-2: Ball
2-2: Fielders Choice at 2nd, 4-6 (Groundball, 34D, EV 108.1 MPH)
Pitching: RHP Miguel Cabrera
Batting: RHB Chris Taylor 0-0: Ball
1-0: Foul Ball, location: 2F
1-1: Fly out, F7 (Line Drive, 7D, EV 89.4 MPH)
Top of the 5th over - 1 run, 2 hits, 0 errors, 1 left on base; Washington 11 - Colorado 0
BOTTOM OF THE 5TH
Colorado Rockies batting - Pitching for Washington Nationals : RHP Mitchell White
Batting: LHB Josh VanMeter 0-0: Ball
1-0: Ball
2-0: Called Strike
2-1: Fly out, F7 (Flyball, 78D, EV 95.0 MPH)
Batting: RHB Orlando Arcia 0-0: Ball
1-0: Called Strike
1-1: Called Strike
1-2: Ball
2-2: Foul Ball, location: 2F
2-2: SINGLE (Groundball, 6S, EV 72.5 MPH) (infield hit)
Batting: RHB Jake Rogers 0-0: Called Strike
0-1: Ball
1-1: SINGLE (Groundball, 56D, EV 100.0 MPH)
Orlando Arcia to second
Batting: RHB Andrew Knizner 0-0: Called Strike
0-1: Ball
1-1: Grounds into double play, 6-4-3 (Groundball, 6, EV 98.1 MPH)
Bottom of the 5th over - 0 runs, 2 hits, 0 errors, 1 left on base; Washington 11 - Colorado 0
TOP OF THE 6TH
Washington Nationals batting - Pitching for Colorado Rockies : RHP Miguel Cabrera
Batting: LHB Yonder Alonso 0-0: Ball
1-0: Called Strike
1-1: Called Strike
1-2: Hit by Pitch
Batting: LHB Matt Beaty 0-0: Ball
1-0: Ball
2-0: Ball
3-0: Called Strike
3-1: Base on Balls
Yonder Alonso to second
Batting: SHB Jed Lowrie 0-0: Ball
1-0: Ball
2-0: Ball
3-0: Called Strike
3-1: Base on Balls
Yonder Alonso to third
Matt Beaty to second
Batting: RHB Austin Barnes 0-0: Ball
1-0: Ball
2-0: Foul Ball, location: 2F
2-1: Ball
3-1: Called Strike
3-2: Ground out 3-1 (Groundball, 34, EV 86.3 MPH)
Yonder Alonso scores
Matt Beaty to third
Jed Lowrie to second
Batting: RHB Mitchell White 0-0: Ball
1-0: Ball
2-0: Ball
3-0: Base on Balls
Batting: LHB Jackie Bradley Jr. 0-0: Called Strike
0-1: Called Strike
0-2: Ball
1-2: Ball
2-2: Ball
3-2: Strikes out swinging
Batting: RHB Adeiny Hechavarria 0-0: Ball
1-0: Ground out 3-1 (Groundball, 34S, EV 82.5 MPH)
Top of the 6th over - 1 run, 0 hits, 0 errors, 3 left on base; Washington 12 - Colorado 0
BOTTOM OF THE 6TH
Colorado Rockies batting - Pitching for Washington Nationals : RHP Mitchell White
Batting: LHB CJ Alexander 0-0: Ball
1-0: Ball
2-0: Fly out, F8 (Flyball, 89S, EV 83.1 MPH)
Batting: RHB Miguel Cabrera 0-0: Ball
1-0: Foul Ball, location: 2F
1-1: Swinging Strike
1-2: Ball
2-2: Foul Ball, location: 2F
2-2: Fly out, F6 (Flyball, 56D, EV 87.5 MPH)
Batting: RHB Jorge Mateo 0-0: Foul Ball, location: 2F
0-1: Called Strike
0-2: Foul Ball, location: 2F
0-2: SINGLE (Line Drive, 89S, EV 105.6 MPH)
Batting: RHB JaCoby Jones 0-0: Ball
1-0: Called Strike
1-1: Swinging Strike
1-2: Foul Ball, location: 2F
1-2: Foul Ball, location: 2F
1-2: Foul Ball, location: 2F
1-2: Strikes out swinging
Bottom of the 6th over - 0 runs, 1 hit, 0 errors, 1 left on base; Washington 12 - Colorado 0
TOP OF THE 7TH
Washington Nationals batting - Pitching for Colorado Rockies : RHP Miguel Cabrera
Batting: LHB Adam Eaton 0-0: Ball
1-0: Swinging Strike
1-1: Foul Ball, location: 2F
1-2: Ground out 4-3 (Groundball, 4, EV 77.5 MPH)
Batting: RHB Chris Taylor 0-0: Called Strike
0-1: Fly out, F9 (Flyball, 89S, EV 88.8 MPH)
Batting: LHB Yonder Alonso 0-0: Ball
1-0: Ball
2-0: Ball
3-0: Base on Balls
Batting: LHB Matt Beaty 0-0: Foul Ball, location: 2F
0-1: Called Strike
0-2: Ball
1-2: Strikes out swinging
Top of the 7th over - 0 runs, 0 hits, 0 errors, 1 left on base; Washington 12 - Colorado 0
BOTTOM OF THE 7TH
Colorado Rockies batting - Pitching for Washington Nationals : RHP Mitchell White
Batting: RHB Michael Brosseau 0-0: Ball
1-0: Ball
2-0: Ball
3-0: Called Strike
3-1: Base on Balls
Batting: LHB Josh VanMeter 0-0: Swinging Strike
0-1: Ball
1-1: Ball
2-1: Called Strike
2-2: Ball
3-2: Foul Ball, location: 2F
3-2: Base on Balls
Michael Brosseau to second
Batting: RHB Orlando Arcia 0-0: Called Strike
0-1: Ball
1-1: Ball
2-1: Ball
3-1: SINGLE (Groundball, 56D, EV 103.8 MPH)
Michael Brosseau to third
Josh VanMeter to second
Runner from 3rd tries for Home, SAFE, throw by LF to home
Pitching: RHP Zack Burdi
Batting: RHB Jake Rogers 0-0: Ball
1-0: Ball
2-0: Called Strike
2-1: Ball
3-1: Base on Balls
Josh VanMeter to third
Orlando Arcia to second
Batting: RHB Andrew Knizner 0-0: Called Strike
0-1: Ball
1-1: Ball
2-1: SINGLE (Flyball, 78S, EV 95.0 MPH)
Josh VanMeter scores
Orlando Arcia to third
Jake Rogers to second
Runner from 3rd tries for Home, throw by LF and OUT! 7-2
Batting: LHB CJ Alexander 0-0: Ball
1-0: Ball
2-0: Ball
3-0: Called Strike
3-1: Swinging Strike
3-2: Strikes out swinging
Batting: RHB Miguel Cabrera 0-0: Swinging Strike
0-1: Ball
1-1: Called Strike
1-2: Ball
2-2: Foul Ball, location: 2F
2-2: Ball
3-2: Strikes out swinging
Bottom of the 7th over - 2 runs, 2 hits, 0 errors, 2 left on base; Washington 12 - Colorado 2
TOP OF THE 8TH
Washington Nationals batting - Pitching for Colorado Rockies : RHP Miguel Cabrera
Batting: SHB Jed Lowrie 0-0: Ball
1-0: Ground out 4-3 (Groundball, 4, EV 81.3 MPH)
Batting: RHB Austin Barnes 0-0: Foul Ball, location: 2F
0-1: Ball
1-1: Ball
2-1: SINGLE (Line Drive, 4M, EV 99.4 MPH)
Pinch Hitting: RHB Tyler White 0-0: Ball
1-0: Called Strike
1-1: Ball
2-1: Ball
3-1: Base on Balls
Austin Barnes to second
Pitching: RHP Clay Buchholz
Pinch Hitting: LHB Andrew Benintendi 0-0: Called Strike
0-1: Ball
1-1: Swinging Strike
1-2: Foul Ball, location: 2F
1-2: Ball
2-2: Strikes out swinging
Batting: RHB Adeiny Hechavarria 0-0: Called Strike
0-1: Swinging Strike
0-2: Ball
1-2: Ball
2-2: Foul Ball, location: 2F
2-2: Strikes out swinging
Top of the 8th over - 0 runs, 1 hit, 0 errors, 2 left on base; Washington 12 - Colorado 2
BOTTOM OF THE 8TH
Colorado Rockies batting - Pitching for Washington Nationals : RHP Zack Burdi
Pitching: LHP Adam Morgan
Now in CF: Andrew Benintendi
Batting: RHB Jorge Mateo 0-0: Foul Ball, location: 2F
0-1: Ground out 5-3 (Groundball, 56, EV 83.1 MPH)
Batting: RHB JaCoby Jones 0-0: SINGLE (Line Drive, 8LM, EV 106.3 MPH)
Batting: RHB Michael Brosseau 0-0: Ball
1-0: Ball
2-0: Foul Ball, location: 2F
2-1: Foul Ball, location: 2F
2-2: Ball
3-2: Base on Balls
JaCoby Jones to second
Batting: LHB Josh VanMeter 0-0: Called Strike
0-1: Ball
1-1: DOUBLE (Line Drive, 9LS, EV 110.0 MPH)
JaCoby Jones scores
Michael Brosseau to third
Runner from 3rd tries for Home, SAFE, no throw by RF
Batting: RHB Orlando Arcia 0-0: Ball
1-0: Called Strike
1-1: Ball
2-1: Foul Ball, location: 2F
2-2: Foul Ball, location: 2F
2-2: Foul Ball, location: 2F
2-2: Ball
3-2: SINGLE (Line Drive, 4M, EV 101.3 MPH)
Josh VanMeter to third
Batting: RHB Jake Rogers 0-0: Ball
1-0: Ball
2-0: Fly out, F7 (Flyball, 78D, EV 101.9 MPH)
Runner from 3rd tags up, SCORES, throw by LF
Batting: RHB Andrew Knizner 0-0: Fielders Choice at 2nd, 6-4 (Groundball, 56, EV 88.1 MPH)
Bottom of the 8th over - 3 runs, 3 hits, 0 errors, 1 left on base; Washington 12 - Colorado 5
TOP OF THE 9TH
Washington Nationals batting - Pitching for Colorado Rockies : RHP Clay Buchholz
Batting: LHB Adam Eaton 0-0: Called Strike
0-1: Ball
1-1: Called Strike
1-2: Foul Ball, location: 2F
1-2: Ground out 6-3 (Groundball, 6, EV 85.0 MPH)
Batting: RHB Chris Taylor 0-0: Ball
1-0: Swinging Strike
1-1: SINGLE (Line Drive, 8LS, EV 108.8 MPH)
Pitching: RHP Franklin Perez
Batting: LHB Yonder Alonso 0-0: Ball
1-0: Ball
2-0: Swinging Strike
2-1: Ball
3-1: Swinging Strike
3-2: Base on Balls
Chris Taylor to second
Batting: LHB Matt Beaty 0-0: Ball
1-0: Ball
2-0: Foul Ball, location: 2F
2-1: Ball
3-1: Base on Balls
Chris Taylor to third
Yonder Alonso to second
Batting: SHB Jed Lowrie 0-0: SINGLE (Line Drive, 9LS, EV 113.1 MPH)
Chris Taylor scores
Yonder Alonso to third
Matt Beaty to second
Batting: RHB Austin Barnes 0-0: Called Strike
0-1: Fly out, F9 (Flyball, 89D, EV 82.5 MPH)
Runner from 3rd tags up, SCORES, no throw by RF
Pinch Hitting: RHB Evan Longoria 0-0: Ball
1-0: Called Strike
1-1: Ball
2-1: Foul Ball, location: 2F
2-2: Fielders Choice at 2nd, 4-6 (Groundball, 4MD, EV 93.1 MPH)
Top of the 9th over - 2 runs, 2 hits, 0 errors, 2 left on base; Washington 14 - Colorado 5
BOTTOM OF THE 9TH
Colorado Rockies batting - Pitching for Washington Nationals : LHP Adam Morgan
Pitching: LHP Steve Hathaway
Batting: LHB CJ Alexander 0-0: Ball
1-0: Ball
2-0: Called Strike
2-1: Ball
3-1: Swinging Strike
3-2: Foul Ball, location: 2F
3-2: Ground out 5-3 (Groundball, 56, EV 86.9 MPH)
Pinch Hitting: SHB Victor Reyes 0-0: Called Strike
0-1: Foul Ball, location: 2F
0-2: Ball
1-2: Strikes out swinging
Batting: RHB Jorge Mateo 0-0: Ball
1-0: Called Strike
1-1: Foul Ball, location: 2F
1-2: Ball
2-2: Ground out 4-3 (Groundball, 4, EV 83.8 MPH)
Bottom of the 9th over - 0 runs, 0 hits, 0 errors, 0 left on base; Washington 14 - Colorado 5
Wednesday, October 21st, 2020 - OOTP Baseball 21.6 Build 83